 Dungeon Crawl Stone Soup version 0.25.1-2-g60ff931df9 (webtiles) character file.

Game seed: 11848346419193877339

85 Johnny the Digger (level 4, -2/33 HPs)
             Began as a Demigod Earth Elementalist on Oct 26, 2020.
             Slain by an orc
             ... wielding a +0 hand axe
              (5 damage)
             ... on level 4 of the Dungeon.
             The game lasted 00:02:17 (4174 turns).

Johnny the Digger (Demigod Earth Elementalist)      Turns: 4174, Time: 00:02:18

Health: -2/33      AC:  3    Str: 11    XL:     4   Next: 5%
Magic:  10/10      EV: 12    Int: 21    God:
Gold:   142        SH:  0    Dex: 16    Spells: 4/8 levels left

rFire    . . .     SeeInvis .   k - +0 dagger
rCold    . . .     Gourm    .   (no shield)
rNeg     . . .     Faith    .   c - +0 robe
rPois    .         Spirit   .   v - +0 helmet
rElec    .         Reflect  .   (no cloak)
rCorr    .         Harm     .   (no gloves)
MR       .....                  (no boots)
Stlth    ++........             (no amulet)
HPRegen  0.11/turn              (no ring)
MPRegen  0.12/turn              (no ring)

@: no status effects
A: high mp 1
a: no special abilities


You were on level 4 of the Dungeon.
You were near starving.

You visited 1 branch of the dungeon, and saw 4 of its levels.

You collected 142 gold pieces.

Inventory:

Hand Weapons
 k - a +0 dagger (weapon)
Armour
 c - a +0 robe (worn)
 v - a +0 helmet (worn)
Jewellery
 j - an uncursed ring of protection from fire {unknown}
Wands
 s - a wand of random effects (14)
Scrolls
 b - a scroll of remove curse {unknown}
 f - 3 scrolls of teleportation {unknown}
 i - a scroll of magic mapping {unknown}
 l - a scroll of enchant armour {unknown}
 o - a scroll of noise {unknown}
 p - a scroll of amnesia {unknown}
 q - 2 scrolls of blinking {unknown}
 r - a scroll of enchant weapon {unknown}
Potions
 a - 2 potions of degeneration {unknown}
 e - a potion of cancellation {unknown}
 g - 2 potions of curing {unknown}
 h - 3 potions of heal wounds {unknown}
 m - a potion of lignification {unknown}
 n - a potion of might {unknown}
 t - a potion of haste {unknown}
 u - a potion of mutation {unknown}
Comestibles
 d - 6 rations


   Skills:
 - Level 1.7 Dodging
 - Level 1.7 Stealth
 + Level 2.5 Spellcasting
   Level 0.8 Transmutations
 * Level 4.1 Earth Magic


You had 4 spell levels left.
You knew the following spells:

 Your Spells              Type           Power        Failure   Level  Hunger
a - Sandblast             Erth           ###...       2%          1    None
b - Stone Arrow           Conj/Erth      ##....       19%         3    ###....

Your spell library contained the following spells:

 Spells                   Type           Power        Failure   Level  Hunger
 Passwall                 Tmut/Erth      ##......     8%          2    ##.....
 Magic Dart               Conj           #...         14%         1    None
 Blink                    Tloc           N/A          22%         2    ##.....
 Call Imp                 Summ           #.......     22%         2    ##.....
 Slow                     Hex            #.......     22%         2    ##.....
 Conjure Flame            Conj/Fire      #.......     38%         3    ###....
 Mephitic Cloud           Conj/Pois/Air  #.......     38%         3    ###....
 Petrify                  Tmut/Erth      ##......     45%         4    ####...
 Lee's Rapid Deconstruct  Erth           ###.......   56%         5    ######.


Dungeon Overview and Level Annotations

Branches:
Dungeon (4/15)             Temple (0/1) D:4


Innate Abilities, Weirdness & Mutations

You have an increased reservoir of magic. (+10% MP)


Message History

The orc barely misses you. x2
You are near starving!
You barely miss the orc.
The orc is almost dead.
The orc closely misses you. x2
You closely miss the orc.
The orc is almost dead.
The orc misses you.
You hit the orc but do no damage.
The orc is severely wounded.
The orc hits you but does no damage. The orc barely misses you.
You barely miss the orc.
The orc is severely wounded.
The orc hits you with a +0 hand axe.
You hit the orc but do no damage.
The orc is severely wounded.
The orc hits you with a +0 flail!
* * * LOW HITPOINT WARNING * * *
The orc hits you with a +0 hand axe.
You die...

.# .# .# ... .# .. .#
.. .# .#+# .# ... .#
######.#####. .#
#...@o....... .#
#.###o###### ##
#.#.Zo##### ######### #
#.#.......# ........#
#.#.#######.#
#######.#.#.#.........#
#.#.........#...#
#.#.#.....#.#...<....
#.# #.#.#.###.#.#####


You could see 3 orcs.

Vanquished Creatures
  2 adders
  An ooze (D:1)
  2 dart slugs (D:2)
  A leopard gecko (D:2)
  2 orcs (D:4)
  12 bats
  A giant cockroach (D:1)
  8 hobgoblins
  4 jackals
  2 quokkas
  4 frilled lizards
  5 goblins
  4 kobolds
  5 rats
53 creatures vanquished.

Notes
Turn   | Place    | Note
-------+----------+-------------------------------------------
     0 | D:1      | Johnny the Demigod Earth Elementalist began the quest for
                  | the Orb.
     0 | D:1      | Reached XP level 1. HP: 14/14 MP: 5/5
   426 | D:1      | Reached skill level 3 in Earth Magic
   686 | D:1      | Reached XP level 2. HP: 17/20 MP: 7/7
  1791 | D:2      | Reached XP level 3. HP: 24/26 MP: 5/9
  2836 | D:2      | You fall into a shaft and drop 2 floors!
  2852 | D:4      | Found a staircase to the Ecumenical Temple.
  2869 | D:3      | Reached skill level 4 in Earth Magic
  3387 | D:3      | Found a snail-covered altar of Cheibriados.
  3560 | D:3      | Found a basalt altar of Yredelemnul.
  3561 | D:3      | Found a sparkling altar of Nemelex Xobeh.
  3628 | D:3      | Reached XP level 4. HP: 16/33 MP: 10/10
  3785 | D:3      | Learned a level 3 spell: Stone Arrow
  3790 | D:3      | Found a stormy altar of Qazlal.
  3836 | D:3      | Found a burning altar of Makhleb.
  3844 | D:3      | Found an opulent altar of Gozag.
  4174 | D:4      | Slain by an orc

Illustrated notes

Levels and vault maps discovered:
D:1:      moated_graveyard_arrival, layout_basic, minmay_statues_item,
          minmay_misc_feat_tower
D:2:      layout_loops_ring, chequers_serial_rivers_micro_b
D:3:      layout_basic, nicolae_overflow_hidden_temple, grunt_gozag_statues,
          old_standard_altar, overflow_temple_1_default, lemuel_doored_altar
D:4:      layout_basic, minmay_temple_entry_statues

Skill      XL: |  1  2  3 |
---------------+----------+-----
Spellcasting   | 2 |  2.5
Earth Magic    | 3 4 |  4.1
Dodging        | |  1.7
Stealth        | |  1.7
Transmutations | |  0.8

Action                   |  1- 3 |  4- 6 || total
-------------------------+-------+-------++-------
Melee: Unarmed           |    78 |       ||    78
       Dagger            |   138 |    21 ||   159
 Cast: Sandblast         |    40 |       ||    40
 Stab: Sleeping          |     8 |       ||     8
  Eat: Chunk             |     9 |       ||     9
Armor: Robe              |    74 |     1 ||    75
Dodge: Dodged            |   196 |    12 ||   208
